 Dungeon Crawl Stone Soup version 0.30-a0-178-g4db885d750 (webtiles) character file.

Game seed: 12637693529942714723

303 Querens the Conjurer (level 6, -2/32 HPs)
             Began as a Deep Elf Conjurer on Oct 3, 2022.
             Slain by Grinder (5 damage)
             ... in a sewer.
             The game lasted 00:08:10 (1926 turns).

Querens the Conjurer (Deep Elf Conjurer)            Turns: 1926, Time: 00:08:11

Health: -2/32      AC:  3    Str:  4    XL:     6   Next: 15%
Magic:  5/17       EV: 12    Int: 25    God:
Gold:   277        SH:  3    Dex: 13    Spells: 15/18 levels left

rFire   . . .      SeeInvis .    j - +0 dagger (holy)
rCold   . . .      Faith    .    h - +0 buckler
rNeg    . . .      Spirit   .    a - +0 robe
rPois   .          Reflect  .    (no helmet)
rElec   .          Harm     .    (no cloak)
rCorr   .          Rampage  .    (no gloves)
Will    .....                    m - +0 pair of boots
Stlth   ++........               (no amulet)
HPRegen 0.25/turn                d - ring of wizardry
MPRegen 0.15/turn                (no ring)

@: no status effects
A: no striking features
a: no special abilities


You were in a sewer.
You visited 1 branch of the dungeon, and saw 4 of its levels.
You also visited: Sewer.

You collected 277 gold pieces.

Inventory:

Hand Weapons
 c - a +0 dagger of pain
 j - a +0 dagger of holy wrath (weapon)
Armour
 a - a +0 robe (worn)
 h - a +0 buckler (worn)
 m - a +0 pair of boots (worn)
Magical Staves
 n - a staff of fire
Jewellery
 d - a ring of wizardry (left hand)
Scrolls
 e - 6 scrolls of identify {unknown}
 f - 2 scrolls of enchant armour {unknown}
 g - a scroll of fear {unknown}
 l - a scroll of immolation {unknown}
 p - a scroll of poison {unknown}
 q - a scroll of magic mapping {unknown}
Potions
 b - a potion of magic
 i - a potion of flight
 r - a potion of degeneration {unknown}


   Skills:
 - Level 2.4 Dodging
 - Level 2.4 Stealth
 + Level 6.5 Spellcasting
 + Level 6.5 Conjurations


You had 15 spell levels left.
You knew the following spells:

 Your Spells              Type           Power      Damage    Failure   Level
a - Magic Dart            Conj           100%       1d8       1%          1
b - Searing Ray           Conj           82%        2d7       1%          2

Your spell library contained the following spells:

 Spells                   Type           Power      Damage    Failure   Level
 Dazzling Flash           Conj/Hex       48%        N/A       3%          3
 Fulminant Prism          Conj/Hex       12%        3d9       10%         4
 Iskenderun's Mystic Bla  Conj/Tloc      24%        2d7       10%         4
 Frozen Ramparts          Ice            16%        1d3       12%         3
 Ice Form                 Ice/Tmut       8%         N/A       34%         4
 Summon Ice Beast         Ice/Summ       8%         N/A       34%         4


Dungeon Overview and Level Annotations

Branches:
Dungeon (4/15)              Sewer (1/1)
 Temple: D:4-7

Altars:
Sif Muna

Annotations:
Sewer Grinder


Message History

An ufetubus comes into view.
The ufetubus shouts!
You hear a shout!
A kobold comes into view. It is wielding a +1 dagger of speed.
Grinder comes into view.
She is carrying a wand of digging (3).
You feel a little less clever now.
Grinder blinks!
Casting: Searing Ray (safe; 1% risk of failure)
Confirm with . or Enter, or press ? or * to list all spells.
Aiming: Searing Ray (safe; 1% risk of failure)
Press: ? - help, Shift-Dir - straight line, f - Grinder
Aim: Grinder, carrying a wand of digging (3) (80% to hit)
The searing ray hits Grinder!
Grinder is moderately wounded. (Press . to maintain the ray.) Unknown command.
The searing ray hits Grinder.
Grinder is moderately wounded.
The ufetubus hits you but does no damage.
The ufetubus hits you. Grinder closely misses you.
The searing ray hits Grinder.
Grinder is heavily wounded.
The ufetubus hits you. You block the ufetubus's attack.
The ufetubus hits you but does no damage.
The ufetubus closely misses you. Grinder gestures at you.
You suddenly lose the ability to move!
The ufetubus hits you but does no damage.
The ufetubus hits you. Grinder gestures at you.
You shrug off the repeated paralysis!
The ufetubus hits you.
The ufetubus hits you but does no damage.
The ufetubus hits you. x2
Grinder gestures at you.
You shrug off the repeated paralysis!
You can move again.
Grinder attacks as you move away! Grinder hits you!
* * * LOW HITPOINT WARNING * * *
You writhe in agony.
You die...

##+++## ########.....##
≈≈≈≈≈~#..§.§..#
...K..'.......+
......'5§._.§.+
K.....'5@.....+
≈≈~≈≈≈#...§...#
#########)..###
#############†#########
#≈≈≈#≈~≈≈≈~#...#≈≈≈≈≈≈#
#≈~.≈~≈.~~≈....)~~~≈~~#
#≈.~#......#...#......#
#≈.~#'#######~#######'#
#≈~≈#......#≈≈≈#......#


You could see Grinder, an ufetubus and a kobold (wandering).

Vanquished Creatures
  A scorpion (D:4)
  A quasit (Sewer)
  A gnoll bouda (D:4)
  3 gnolls (D:4)
  3 adders
  A shadow imp (Sewer)
  4 ufetubi (Sewer)
  2 adder zombies (Sewer)
  A worm (D:2)
  A dart slug (D:1)
  An orc (D:4)
  4 ball pythons
  5 bats
  9 endoplasms
  5 giant cockroaches
  10 goblins
  7 hobgoblins
  4 jackals (D:1)
  14 kobolds
  A quokka (D:2)
  2 frilled lizards (D:2)
  A kobold zombie (Sewer)
  4 rats
85 creatures vanquished.

Vanquished Creatures (others)
  A kobold zombie (Sewer)
  A plant (D:1)
2 creatures vanquished.

Grand Total: 87 creatures vanquished

Notes
Turn   | Place    | Note
-------+----------+-------------------------------------------
     0 | D:1      | Querens the Deep Elf Conjurer began the quest for the Orb.
     0 | D:1      | Reached XP level 1. HP: 10/10 MP: 6/6
    75 | D:1      | Reached XP level 2. HP: 11/15 MP: 1/8
    95 | D:1      | Learned a level 2 spell: Searing Ray
   174 | D:1      | Found a faded altar of an unknown god.
   382 | D:1      | Reached skill level 5 in Conjurations
   382 | D:1      | Reached XP level 3. HP: 19/19 MP: 5/10
   902 | D:2      | Found a shimmering blue altar of Sif Muna.
  1067 | D:2      | Reached XP level 4. HP: 23/24 MP: 6/12
  1608 | D:4      | Found a glowing drain.
  1649 | D:4      | Reached skill level 5 in Spellcasting
  1651 | D:4      | Reached XP level 5. HP: 28/28 MP: 4/14
  1758 | Sewer    | Entered a sewer
  1861 | Sewer    | Reached XP level 6. HP: 16/32 MP: 0/17
  1862 | Sewer    | HP: 1/32 [shadow imp/nerve-wracking pain (4)]
  1886 | Sewer    | Found a burning altar of Makhleb.
  1919 | Sewer    | Noticed Grinder
  1923 | Sewer    | Paralysed by Grinder for 3 turns
  1926 | Sewer    | Slain by Grinder

Illustrated notes

Levels and vault maps discovered:
D:1:      matt_arrival_diagonals, layout_rooms,
          shapermc_ecumenical_altar_mp_ritualfount, serial_aquarium,
          aquarium_bridge_island_small [aquarium_subvault_small_water,
          aquarium_subvault_bridge, aquarium_subvault_bridge,
          aquarium_subvault_balcony, aquarium_subvault_bridge],
          aquarium_window_fake, aquarium_window_corridor_1, aquarium_view_2b,
          aquarium_view_2d
D:2:      layout_basic, basic_altar, kennysheep_generic_room_16
D:3:      layout_loops_cross
D:4:      layout_loops_ring, minitemple, gup_sewer_entry_glass,
          grunt_ministairs_10
Sewer:    kennysheep_sewer_church

Skill      XL: |  1  2  3  4  5 |
---------------+----------------+-----
Spellcasting   | 4 5 6 |  6.5
Conjurations   | 5 6 |  6.5
Dodging        | |  2.4
Stealth        | |  2.4

Action                   |  1- 3 |  4- 6 || total
-------------------------+-------+-------++-------
Melee: Dagger            |    24 |    18 ||    42
 Cast: Magic Dart        |    53 |    29 ||    82
       Searing Ray       |     4 |    11 ||    15
  Use: Potion            |       |     4 ||     4
 Stab: Sleeping          |     1 |     1 ||     2
Armor: Robe              |     6 |    15 ||    21
Dodge: Dodged            |    25 |    18 ||    43
Block: Buckler           |     2 |     9 ||    11

Table legend: (Time is in decaauts)
 A = Elapsed time spent in this place.
 B = Non-inter-level travel time spent in this place.
 C = Inter-level travel time spent in this place.
 D = Time resting spent in this place.
 E = Time spent auto-exploring this place.
 F = Levels seen in this place.
 G = Mean time per level.
                   A        B        C        D        E       F      G
               +--------+--------+--------+--------+--------+-----+--------+
         Total |   1928 |   1830 |     98 |      0 |      0 |   5 |  385.6 |
       Dungeon |   1758 |   1660 |     98 |      0 |      0 |   4 |  439.5 |
         Sewer |    169 |    169 |      0 |      0 |      0 |   1 |  169.0 |
               +--------+--------+--------+--------+--------+-----+--------+

Top non-repeatable levels by time:
     D:2: 634 daAuts
     D:1: 515 daAuts
     D:3: 437 daAuts
     D:4: 171 daAuts
   Sewer: 169 daAuts
